| TOP OF THE 1ST |
|
West Michigan Whitecaps batting - Pitching for Kannapolis Intimidators : RHP Matt Hastings
|
|
Pitching: RHP Matt Hastings
|
|
|
Batting: LHB Freddy Troncoso
|
0-0: Ball 1-0: Ball 2-0: Ball 3-0: Base on Balls
|
|
Batting: RHB Aaron Cusick
|
0-0: Ball 1-0: Called Strike Freddy Troncoso steals 2nd base 1-1: Ball 2-1: Foul Ball, location: 2F 2-2: Fly out, F6 (Line Drive, 6, EV 75.0 MPH)
|
|
Batting: RHB Bill Cabrera
|
0-0: Ball 1-0: Swinging Strike 1-1: SINGLE (Line Drive, 6M, EV 103.1 MPH) Freddy Troncoso to third
|
|
Batting: RHB Dan Becvar
|
0-0: Called Strike 0-1: Called Strike 0-2: Ball 1-2: Strikes out swinging
|
|
Batting: SHB Andy Vivas
|
0-0: Ball 1-0: Fielders Choice at 2nd, 6-4 (Groundball, 6, EV 85.6 MPH)
|
| Top of the 1st over - 0 runs, 1 hit, 0 errors, 2 left on base; West Michigan 0 - Kannapolis 0 |
| BOTTOM OF THE 1ST |
|
Kannapolis Intimidators batting - Pitching for West Michigan Whitecaps : RHP Jason Mucci
|
|
Pitching: RHP Jason Mucci
|
|
|
Batting: LHB John Thurman
|
0-0: Called Strike 0-1: Ball 1-1: Ball 2-1: Ground out U3 (Groundball, 3L, EV 87.5 MPH)
|
|
Batting: RHB Mike Warzecha
|
0-0: Ball 1-0: Ball 2-0: Called Strike 2-1: Foul Ball, location: 2F 2-2: Ball 3-2: Foul Ball, location: 2F 3-2: Base on Balls
|
|
Batting: LHB Dustin Taylor
|
0-0: Swinging Strike 0-1: Ball 1-1: Ball 2-1: Ball 3-1: Foul Ball, location: 2F 3-2: Strikes out swinging
|
|
Batting: LHB Angel Tellez
|
0-0: Ball 1-0: Fly out, F3 (Line Drive, 3, EV 70.6 MPH)
|
| Bottom of the 1st over - 0 runs, 0 hits, 0 errors, 1 left on base; West Michigan 0 - Kannapolis 0 |
| TOP OF THE 2ND |
|
West Michigan Whitecaps batting - Pitching for Kannapolis Intimidators : RHP Matt Hastings
|
|
Batting: RHB Tommy McDonald
|
0-0: Foul Ball, location: 2F 0-1: Ground out 5-3 (Groundball, 56S, EV 90.6 MPH)
|
|
Batting: RHB Mike Patterson
|
0-0: Foul Ball, location: 2F 0-1: Swinging Strike 0-2: Foul Ball, location: 2F 0-2: Ground out 6-3 (Groundball, 6S, EV 70.6 MPH)
|
|
Batting: RHB Rocky Hart
|
0-0: Called Strike 0-1: Fly out, F8 (Line Drive, 8RD, EV 96.9 MPH)
|
| Top of the 2nd over - 0 runs, 0 hits, 0 errors, 0 left on base; West Michigan 0 - Kannapolis 0 |
| BOTTOM OF THE 2ND |
|
Kannapolis Intimidators batting - Pitching for West Michigan Whitecaps : RHP Jason Mucci
|
|
Batting: RHB Jose Medina
|
0-0: Called Strike 0-1: Foul Ball, location: 2F 0-2: Strikes out swinging
|
|
Batting: LHB Alberto Carrasco
|
0-0: Ball 1-0: Ground out 5-3 (Groundball, 56S, EV 68.8 MPH)
|
|
Batting: RHB Micah Brown
|
0-0: Called Strike 0-1: Foul Ball, location: 2F 0-2: Ball 1-2: Strikes out swinging
|
| Bottom of the 2nd over - 0 runs, 0 hits, 0 errors, 0 left on base; West Michigan 0 - Kannapolis 0 |
| TOP OF THE 3RD |
|
West Michigan Whitecaps batting - Pitching for Kannapolis Intimidators : RHP Matt Hastings
|
|
Batting: RHB John Welch
|
0-0: Called Strike 0-1: Ball 1-1: Ball 2-1: Ball 3-1: Called Strike 3-2: Strikes out swinging
|
|
Batting: LHB Freddy Troncoso
|
0-0: Ball 1-0: Called Strike 1-1: Swinging Strike 1-2: Ball 2-2: Strikes out looking
|
|
Batting: RHB Aaron Cusick
|
0-0: Called Strike 0-1: Ball 1-1: Ball 2-1: Swinging Strike 2-2: Foul Ball, location: 2F 2-2: Ball 3-2: SINGLE (Groundball, P, EV 87.5 MPH) (infield hit)
|
|
Batting: RHB Bill Cabrera
|
0-0: Called Strike Aaron Cusick steals 2nd base 0-1: Foul Ball, location: 2F 0-2: Foul Ball, location: 2F 0-2: Ground out 5-3 (Groundball, 56, EV 83.8 MPH)
|
| Top of the 3rd over - 0 runs, 1 hit, 0 errors, 1 left on base; West Michigan 0 - Kannapolis 0 |
| BOTTOM OF THE 3RD |
|
Kannapolis Intimidators batting - Pitching for West Michigan Whitecaps : RHP Jason Mucci
|
|
Batting: RHB Tyrell Camp
|
0-0: Called Strike 0-1: SINGLE (Groundball, 56D, EV 105.6 MPH)
|
|
Batting: RHB Danny Longoria
|
0-0: Called Strike 0-1: Reached on error, E5 (Groundball, 56S, EV 86.3 MPH) Tyrell Camp to second
|
|
Batting: LHB John Thurman
|
0-0: Ball 1-0: Foul Ball, location: 2F 1-1: Swinging Strike 1-2: Ball 2-2: Ball 3-2: Fly out, F8 (Flyball, 8LM, EV 97.5 MPH)
|
|
Batting: RHB Mike Warzecha
|
0-0: Ball 1-0: Ball 2-0: Called Strike 2-1: Foul Ball, location: 2F 2-2: Fielders Choice at 2nd, 6-4 (Groundball, 6MD, EV 83.1 MPH) Tyrell Camp to third
|
|
Batting: LHB Dustin Taylor
|
0-0: Ball 1-0: DOUBLE (Line Drive, 78D, EV 113.8 MPH) Tyrell Camp scores Mike Warzecha to third Runner from 3rd tries for Home, SAFE, no throw by CF
|
|
Batting: LHB Angel Tellez
|
0-0: Called Strike Dustin Taylor steals 3rd base 0-1: Called Strike 0-2: DOUBLE (Line Drive, 7LD, EV 97.5 MPH) Dustin Taylor scores
|
|
Batting: RHB Jose Medina
|
0-0: Ball 1-0: Ball 2-0: Ground out 4-3 (Groundball, 34, EV 90.6 MPH)
|
| Bottom of the 3rd over - 3 runs, 3 hits, 1 error, 1 left on base; West Michigan 0 - Kannapolis 3 |
| TOP OF THE 4TH |
|
West Michigan Whitecaps batting - Pitching for Kannapolis Intimidators : RHP Matt Hastings
|
|
Batting: RHB Dan Becvar
|
0-0: Ball 1-0: Ball 2-0: TRIPLE (Flyball, 8LXD, EV 100.0 MPH)
|
|
Batting: SHB Andy Vivas
|
0-0: Called Strike 0-1: Ground out 6-3 (Groundball, 6S, EV 88.8 MPH) Dan Becvar scores
|
|
Batting: RHB Tommy McDonald
|
0-0: Ball 1-0: Foul Ball, location: 2F 1-1: SINGLE (Groundball, 5D, EV 94.4 MPH)
|
|
Batting: RHB Mike Patterson
|
0-0: Called Strike 0-1: Fielders Choice at 2nd, 6-4 (Groundball, 6, EV 81.3 MPH)
|
|
Batting: RHB Rocky Hart
|
0-0: Called Strike 0-1: Ball 1-1: Ball 2-1: Foul Ball, location: 2F 2-2: SINGLE (Line Drive, 78M, EV 90.6 MPH) Mike Patterson to second
|
|
Batting: RHB John Welch
|
0-0: Ball 1-0: Ball 2-0: Foul Ball, location: 2F 2-1: Called Strike 2-2: Ball 3-2: Hit by Pitch Mike Patterson to third Rocky Hart to second
|
|
Batting: LHB Freddy Troncoso
|
0-0: Fielders Choice at 2nd, 5-4 (Groundball, 56, EV 82.5 MPH)
|
| Top of the 4th over - 1 run, 3 hits, 0 errors, 3 left on base; West Michigan 1 - Kannapolis 3 |
| BOTTOM OF THE 4TH |
|
Kannapolis Intimidators batting - Pitching for West Michigan Whitecaps : RHP Jason Mucci
|
|
DELAY
|
Rain delay of 37 minutes in the 4th inning.
|
|
Batting: LHB Alberto Carrasco
|
0-0: Ball 1-0: Ground out 6-3 (Groundball, 6M, EV 103.8 MPH)
|
|
Batting: RHB Micah Brown
|
0-0: Ball 1-0: Called Strike 1-1: Ground out 2-3 (Groundball, 2R, EV 68.1 MPH)
|
|
Batting: RHB Tyrell Camp
|
0-0: Ground out 5-3 (Groundball, 56S, EV 86.3 MPH)
|
| Bottom of the 4th over - 0 runs, 0 hits, 0 errors, 0 left on base; West Michigan 1 - Kannapolis 3 |
| TOP OF THE 5TH |
|
West Michigan Whitecaps batting - Pitching for Kannapolis Intimidators : RHP Matt Hastings
|
|
Batting: RHB Aaron Cusick
|
0-0: Ground out 5-3 (Groundball, 6S, EV 90.0 MPH)
|
|
Batting: RHB Bill Cabrera
|
0-0: Called Strike 0-1: Foul Ball, location: 2F 0-2: Ball 1-2: Fly out, F7 (Flyball, 78D, EV 110.0 MPH)
|
|
Batting: RHB Dan Becvar
|
0-0: Ball 1-0: Ball 2-0: Called Strike 2-1: Ball 3-1: SINGLE (Groundball, 4MS, EV 72.5 MPH) (infield hit)
|
|
Batting: SHB Andy Vivas
|
0-0: Called Strike 0-1: Called Strike 0-2: Foul Ball, location: 2F 0-2: Foul Ball, location: 2F 0-2: Ball 1-2: Ball 2-2: Foul Ball, location: 2F 2-2: Ball 3-2: Strikes out swinging
|
| Top of the 5th over - 0 runs, 1 hit, 0 errors, 1 left on base; West Michigan 1 - Kannapolis 3 |
| BOTTOM OF THE 5TH |
|
Kannapolis Intimidators batting - Pitching for West Michigan Whitecaps : RHP Jason Mucci
|
|
Batting: RHB Danny Longoria
|
0-0: Ball 1-0: Swinging Strike 1-1: Ball 2-1: Foul Ball, location: 2F 2-2: Foul Ball, location: 2F 2-2: Foul Ball, location: 2F 2-2: Ball 3-2: Base on Balls
|
|
Batting: LHB John Thurman
|
0-0: Called Strike 0-1: Ball 1-1: Swinging Strike 1-2: Ball 2-2: Foul Ball, location: 2F 2-2: Fly out, F8 (Line Drive, 8RXD, EV 105.6 MPH)
|
|
Batting: RHB Mike Warzecha
|
0-0: Swinging Strike Danny Longoria is caught stealing 2nd base 2-4 0-1: Ball 1-1: Ball 2-1: Foul Ball, location: 2F 2-2: Foul Ball, location: 2F 2-2: Ball 3-2: Base on Balls
|
|
Batting: LHB Dustin Taylor
|
0-0: Called Strike 0-1: Ball 1-1: Ground out U3 (Groundball, 3, EV 93.1 MPH)
|
| Bottom of the 5th over - 0 runs, 0 hits, 0 errors, 1 left on base; West Michigan 1 - Kannapolis 3 |
| TOP OF THE 6TH |
|
West Michigan Whitecaps batting - Pitching for Kannapolis Intimidators : RHP Matt Hastings
|
|
Batting: RHB Tommy McDonald
|
0-0: Called Strike 0-1: Ball 1-1: Ball 2-1: Foul Ball, location: 2F 2-2: Strikes out swinging
|
|
Batting: RHB Mike Patterson
|
0-0: Ball 1-0: Called Strike 1-1: SINGLE (Line Drive, 78M, EV 95.6 MPH)
|
|
Batting: RHB Rocky Hart
|
0-0: Called Strike 0-1: Ball 1-1: Fielders Choice at 2nd, 6-4 (Groundball, 6, EV 88.8 MPH)
|
|
Pitching: LHP Steve Knezevic
|
|
|
Batting: RHB John Welch
|
0-0: Called Strike 0-1: Swinging Strike 0-2: Foul Ball, location: 2F 0-2: Fielders Choice at 2nd, 6-4 (Groundball, 6, EV 100.6 MPH)
|
| Top of the 6th over - 0 runs, 1 hit, 0 errors, 1 left on base; West Michigan 1 - Kannapolis 3 |
| BOTTOM OF THE 6TH |
|
Kannapolis Intimidators batting - Pitching for West Michigan Whitecaps : RHP Jason Mucci
|
|
Batting: LHB Angel Tellez
|
0-0: Ground out 6-3 (Groundball, 4M, EV 80.6 MPH)
|
|
Batting: RHB Jose Medina
|
0-0: Called Strike 0-1: Foul Ball, location: 2F 0-2: Ball 1-2: Ball 2-2: Strikes out swinging
|
|
Batting: LHB Alberto Carrasco
|
0-0: Called Strike 0-1: Ball 1-1: Ball 2-1: Fly out, F6 (Popup, P, EV 81.3 MPH)
|
| Bottom of the 6th over - 0 runs, 0 hits, 0 errors, 0 left on base; West Michigan 1 - Kannapolis 3 |
| TOP OF THE 7TH |
|
West Michigan Whitecaps batting - Pitching for Kannapolis Intimidators : LHP Steve Knezevic
|
|
Batting: LHB Freddy Troncoso
|
0-0: Ball 1-0: Ground out 4-3 (Groundball, 4, EV 103.1 MPH)
|
|
Batting: RHB Aaron Cusick
|
0-0: Ball 1-0: Ball 2-0: Called Strike 2-1: Swinging Strike 2-2: Strikes out looking
|
|
Batting: RHB Bill Cabrera
|
0-0: Called Strike 0-1: Ball 1-1: Ball 2-1: Ball 3-1: SINGLE (Groundball, 25, EV 71.9 MPH) (infield hit)
|
|
Batting: RHB Dan Becvar
|
0-0: Called Strike 0-1: Swinging Strike 0-2: Strikes out looking
|
| Top of the 7th over - 0 runs, 1 hit, 0 errors, 1 left on base; West Michigan 1 - Kannapolis 3 |
| BOTTOM OF THE 7TH |
|
Kannapolis Intimidators batting - Pitching for West Michigan Whitecaps : RHP Jason Mucci
|
|
Pitching: RHP Dave Frazier
|
|
|
Batting: RHB Micah Brown
|
0-0: Ball 1-0: Foul Ball, location: 2F 1-1: Called Strike 1-2: Foul Ball, location: 2F 1-2: Ball 2-2: Ball 3-2: Base on Balls
|
|
Batting: RHB Tyrell Camp
|
0-0: Called Strike 0-1: Foul Ball, location: 2F 0-2: Ball 1-2: SINGLE (Groundball, 6MD, EV 98.1 MPH) Micah Brown to second
|
|
Batting: RHB Danny Longoria
|
0-0: Ball 1-0: Fly out, F9 (Flyball, 9LM, EV 88.1 MPH)
|
|
Batting: LHB John Thurman
|
0-0: Called Strike 0-1: Foul Ball, location: 2F 0-2: Ground out U3 (Groundball, 3L, EV 99.4 MPH) Micah Brown to third Tyrell Camp to second
|
|
Batting: RHB Mike Warzecha
|
0-0: Called Strike 0-1: Ball 1-1: Ground out 1-3 (Groundball, 15S, EV 66.9 MPH)
|
| Bottom of the 7th over - 0 runs, 1 hit, 0 errors, 2 left on base; West Michigan 1 - Kannapolis 3 |
| TOP OF THE 8TH |
|
West Michigan Whitecaps batting - Pitching for Kannapolis Intimidators : LHP Steve Knezevic
|
|
Pitching: RHP Juan Estrada
|
|
|
Batting: SHB Andy Vivas
|
0-0: Ball 1-0: Foul Ball, location: 2F 1-1: Called Strike 1-2: Foul Ball, location: 2F 1-2: Foul Ball, location: 2F 1-2: Fly out, F6 (Flyball, 56D, EV 87.5 MPH)
|
|
Batting: RHB Tommy McDonald
|
0-0: Ball 1-0: SINGLE (Groundball, 4MD, EV 106.3 MPH)
|
|
Batting: RHB Mike Patterson
|
0-0: Ball 1-0: Grounds into double play, 5-4-3 (Groundball, 5, EV 106.9 MPH)
|
| Top of the 8th over - 0 runs, 1 hit, 0 errors, 0 left on base; West Michigan 1 - Kannapolis 3 |
| BOTTOM OF THE 8TH |
|
Kannapolis Intimidators batting - Pitching for West Michigan Whitecaps : RHP Dave Frazier
|
|
Pitching: RHP Brian Southworth
|
|
|
Batting: LHB Dustin Taylor
|
0-0: Ball 1-0: Ball 2-0: Ball 3-0: Called Strike 3-1: Foul Ball, location: 2F 3-2: Foul Ball, location: 2F 3-2: Base on Balls
|
|
Batting: LHB Angel Tellez
|
0-0: Called Strike 0-1: Swinging Strike 0-2: Strikes out swinging
|
|
Batting: RHB Jose Medina
|
0-0: Ball 1-0: Ball 2-0: Foul Ball, location: 2F 2-1: Foul Ball, location: 2F 2-2: Strikes out swinging
|
|
Batting: LHB Alberto Carrasco
|
0-0: Called Strike 0-1: Ball 1-1: Ball 2-1: TRIPLE (Flyball, 78XD, EV 97.5 MPH) Dustin Taylor scores
|
|
Batting: RHB Micah Brown
|
0-0: Swinging Strike 0-1: Ball 1-1: Ball 2-1: Fly out, F8 (Line Drive, 8RM, EV 98.1 MPH)
|
| Bottom of the 8th over - 1 run, 1 hit, 0 errors, 1 left on base; West Michigan 1 - Kannapolis 4 |
| TOP OF THE 9TH |
|
West Michigan Whitecaps batting - Pitching for Kannapolis Intimidators : RHP Juan Estrada
|
|
Pitching: RHP Tony Arriaga
|
|
|
Batting: RHB Rocky Hart
|
0-0: SINGLE (Groundball, 6MD, EV 93.8 MPH)
|
|
Batting: RHB John Welch
|
0-0: Ball 1-0: Ball 2-0: Foul Ball, location: 2F 2-1: Called Strike 2-2: Strikes out swinging
|
|
Batting: LHB Freddy Troncoso
|
0-0: Ball Wild Pitch! Rocky Hart to second 1-0: Ball 2-0: Called Strike 2-1: Foul Ball, location: 2F 2-2: Ball 3-2: Foul Ball, location: 2F 3-2: Strikes out swinging
|
|
Batting: RHB Aaron Cusick
|
0-0: Called Strike 0-1: Ball 1-1: Fly out, F7 (Flyball, 7LD, EV 106.3 MPH)
|
| Top of the 9th over - 0 runs, 1 hit, 0 errors, 1 left on base; West Michigan 1 - Kannapolis 4 |
|